 Dungeon Sprint DCSS version 0.29-a0-551-gffc1d7fb78 (webtiles) character file.

Game seed: 16937421213660283023

126 mhtbhm the Insei (level 4, 0/21 HPs)
             Began as a Spriggan Transmuter on June 5, 2022.
             Slain by an ice beast (10 damage)
             ... in the Dungeon (Sprint IX: "|||||||||||||||||||||||||||||").
             The game lasted 00:00:22 (193 turns).

mhtbhm the Insei (Spriggan Transmuter)               Turns: 193, Time: 00:00:22

Health: 0/21       AC:  2    Str:  8    XL:     4   Next: 84%
Magic:  7/12       EV: 19    Int: 14    God:
Gold:   0          SH:  0    Dex: 15    Spells: 12/13 levels left

rFire   . . .      SeeInvis +     - Unarmed
rCold   . . .      Faith    .   (no shield)
rNeg    . . .      Spirit   .   a - +0 robe
rPois   .          Reflect  .   (helmet currently unavailable)
rElec   .          Harm     .   (no cloak)
rCorr   .          Rampage  .   (gloves unavailable)
Will    .....      NoTele   +   (boots unavailable)
Stlth   ++........              (no amulet)
HPRegen 0.07/turn               (no ring)
MPRegen 0.13/turn               (no ring)

@: appendages, on berserk cooldown, hasted and slowed, very quick
A: horns 2, talons 2, very small, no large weapons, unfitting armour, see
invisible, speed 3
a: End Transformation


You were in the Dungeon.
You had temporarily grown beastly horns and talons.
You visited 1 branch

Inventory:

Armour
 a - a +0 robe (worn)
Scrolls
 h - a scroll of blinking
Potions
 b - a potion of lignification
 c - a potion of curing
 d - a potion of heal wounds
 f - 2 potions of magic


   Skills:
 + Level 0.7 Fighting
 + Level 5.4 Dodging
 + Level 1.4 Stealth
 + Level 6.4 Unarmed Combat
 + Level 5.3 Spellcasting
 + Level 5.4 Transmutations


You had 12 spell levels left.
You knew the following spells:

 Your Spells              Type           Power      Damage    Failure   Level
a - Beastly Appendage     Tmut           36%        N/A       1%          1

Your spell library contained the following spells:

 Spells                   Type           Power      Damage    Failure   Level
 Wereblood                Tmut           18%        N/A       2%          2
 Spider Form              Tmut/Pois      11%        N/A       17%         3
 Ice Form                 Ice/Tmut       11%        N/A       50%         4


Dungeon Overview and Level Annotations

Branches:
Dungeon (1/1)

Altars:


Innate Abilities, Weirdness & Mutations

You have temporarily grown beastly horns and talons.
You are very small and have problems with some larger weapons.
You are too small for most types of armour.
You have supernaturally acute eyesight. (SInv)
You cover ground extremely quickly. (Speed+++)


Message History

The ice beast barely misses you.
There is an open door, spattered with blood here.
You see here a hound corpse.
You feel a strong urge to attack something.
There is an open door, spattered with blood here.
You see here a hound corpse.
You completely miss the ice beast. The ice beast barely misses you.
You punch the ice beast! Your kick misses the ice beast.
The ice beast is heavily wounded.
The ice beast completely misses you.
You closely miss the ice beast.
The ice beast is heavily wounded.
You hit the ice beast. Your kick misses the ice beast.
The ice beast is heavily wounded.
The ice beast hits you. The ice beast freezes you.
You hit the ice beast. Your punch misses the ice beast.
The ice beast is severely wounded.
The ice beast misses you.
You barely miss the ice beast.
You claw the ice beast, but do no damage.
The ice beast is severely wounded.
You punch the ice beast!
You kill the ice beast!
Your Dodging skill increases to level 5!
Your Stealth skill increases to level 1!
Your Unarmed Combat skill gained 2 levels and is now at level 6!
Your Spellcasting skill increases to level 5!
Your Transmutations skill increases to level 5!
You have reached level 4!
You punch the ice beast!
The ice beast is moderately wounded.
You punch the ice beast!
The ice beast is severely wounded.
You are no longer berserk.
You are exhausted.
You feel yourself slow down. The ice beast misses you.
Unknown command.
Unknown command.
You feel yourself speed up. The ice beast hits you. The ice beast freezes you!
You die...

▓.▓
▓.▓
▓)▓
▓†▓
▓.▓
▓.▓
▓.▓
▓.▓
▓@▓
▓Y▓
▓S▓
▓J▓
▓.▓
▓.▓
▓+▓


You could see an ice beast, a jelly and an adder.

Vanquished Creatures
  An ice beast (D)
  A hound (D)
  A ball python (D)
  2 goblins (D)
  A hobgoblin (D)
  A bat (D)
7 creatures vanquished.

Notes
Turn   | Place    | Note
-------+----------+-------------------------------------------
     0 | D        | mhtbhm the Spriggan Transmuter began the quest for the Orb.
     0 | D        | Reached XP level 1. HP: 9/9 MP: 5/5
    11 | D        | Reached skill level 3 in Unarmed Combat
   176 | D        | Noticed a hound
   176 | D        | Noticed an ice beast
   176 | D        | Noticed an ice beast
   176 | D        | Noticed a jelly
   180 | D        | Killed a hound
   181 | D        | Reached skill level 4 in Unarmed Combat
   181 | D        | Reached XP level 2. HP: 14/14 MP: 5/8
   181 | D        | Reached XP level 3. HP: 17/17 MP: 5/9
   190 | D        | Killed an ice beast
   191 | D        | Reached skill level 5 in Dodging
   191 | D        | Reached skill level 1 in Stealth
   191 | D        | Reached skill level 6 in Unarmed Combat
   191 | D        | Reached skill level 5 in Spellcasting
   191 | D        | Reached skill level 5 in Transmutations
   191 | D        | Reached XP level 4. HP: 21/21 MP: 7/12
   193 | D        | Slain by an ice beast

Illustrated notes

Levels and vault maps discovered:
D:        linesprint [early_d, line_temple, items_1, d_10, items_2, lair_1,
          lair_end, items_3, orc_1, orc_end, items_4, d_15, swamp_1, shoals_1,
          snake_1, spider_1, d_20, vaults_1, items_5, swamp_end, shoals_end,
          snake_end, spider_end, vaults_end, d_27, items_6, zot_1, zot_end,
          crypt_end, forest_end, elf_end, slime_end, tomb_end, abyss_end,
          pan_hell_end]

Skill      XL: |  1  2  3 |
---------------+----------+-----
Dodging        | 4 5 |  5.4
Spellcasting   | 4 5 |  5.3
Unarmed Combat | 4 6 |  6.4
Transmutations | 4 5 |  5.4
Stealth        | 1 |  1.4
Fighting       | |  0.7

Action                   |  1- 3 |  4- 6 || total
-------------------------+-------+-------++-------
Melee: Unarmed           |    19 |     2 ||    21
       Headbutt          |     4 |       ||     4
       Kick              |     2 |       ||     2
       Punch             |     1 |       ||     1
 Cast: Beastly Appendage |     2 |       ||     2
  Use: Potion            |     1 |     1 ||     2
Armor: Robe              |     1 |       ||     1
Dodge: Dodged            |    12 |     1 ||    13

Table legend: (Time is in decaauts)
 A = Elapsed time spent in this place.
 B = Non-inter-level travel time spent in this place.
 C = Inter-level travel time spent in this place.
 D = Time resting spent in this place.
 E = Time spent auto-exploring this place.
 F = Levels seen in this place.
 G = Mean time per level.
                   A        B        C        D        E       F      G
               +--------+--------+--------+--------+--------+-----+--------+
         Total |    180 |    180 |      0 |    151 |      0 |   1 |  180.0 |
       Dungeon |    180 |    180 |      0 |    151 |      0 |   1 |  180.0 |
               +--------+--------+--------+--------+--------+-----+--------+

Top non-repeatable levels by time:
       D: 180 daAuts
